 Dungeon Sprint DCSS version 0.20-a0-1050-g57248f3 (webtiles) character file.

9053 Kidiri the Eclecticist (level 11, -12/68 HPs)
             Began as a Deep Elf Fire Elementalist on Apr 25, 2017.
             Was the Champion of Vehumet.
             Mangled by Rupert
             ... wielding a +7 vampiric battleaxe
              (45 damage)
             ... in the Dungeon (Sprint III: "The Ten Rune Challenge").
             The game lasted 00:20:06 (2892 turns).

Kidiri the Eclecticist (Deep Elf Fire Elementalist) Turns: 2892, Time: 00:20:07

Health: -12/68     AC:  4    Str:  5    XL:     11   Next: 18%
Magic:  31/33      EV: 20    Int: 24    God:    Vehumet [******]
Gold:   34         SH:  0    Dex: 15    Spells: 5/42 levels left

rFire    + . .     SeeInvis .   p - +2 dagger (venom)
rCold    . . .     Gourm    .   (no shield)
rNeg     . . .     Faith    .   a - +0 robe
rPois    .         Spirit   .   q - +0 helmet
rElec    .         Reflect  .   (no cloak)
rCorr    .         Harm     .   (no gloves)
MR       +....     Clarity  +   (no boots) Stlth +.........NoTele +
                                (no amulet)
Regen    0.3/turn               (no ring)
MPRegen  0.3/turn               (no ring)

@: hasted, quick
A: talons 1, clarity, fire resistance 1
a: Renounce Religion


You were in the Dungeon.
You worshipped Vehumet.
Vehumet was exalted by your worship.
You were not hungry.

You visited 1 branch You collected 34 gold pieces.

Inventory:

Hand Weapons
 p - a +2 dagger of venom (weapon)
Armour
 a - a +0 robe (worn)
 q - a +0 helmet (worn)
Wands
 r - a wand of enslavement (10/24)
Scrolls
 i - a scroll of blinking
 j - 2 scrolls of holy word
 k - a scroll of identify
 l - 4 scrolls of remove curse
Potions
 b - a potion of curing
 d - 2 potions of mutation
 e - 2 potions of heal wounds
 g - 3 potions of magic
 h - a potion of berserk rage
 o - 2 potions of flight
Comestibles
 c - 2 chunks of flesh
 m - 29 royal jellies


   Skills:
 + Level 7.7 Fighting
 + Level 8.4 Short Blades
 + Level 7.5 Armour
 + Level 11.2 Dodging
 - Level 2.4 Stealth
 * Level 16.3 Spellcasting
 + Level 10.2 Conjurations
 + Level 10.6 Fire Magic
 + Level 5.5 Ice Magic
 + Level 6.6 Air Magic
 + Level 4.1 Earth Magic
 + Level 6.2 Poison Magic


You had 5 spell levels left.
You knew the following spells:

 Your Spells              Type           Power        Failure   Level  Hunger
a - Flame Tongue          Conj/Fire      #####        1%          1    None
b - Throw Flame           Conj/Fire      ######       1%          2    None
c - Conjure Flame         Conj/Fire      ######..     1%          3    None
d - Inner Flame           Hex/Fire       #####...     1%          3    None
e - Sticky Flame          Conj/Fire      ######..     1%          4    None
f - Fireball              Conj/Fire      ######....   1%          5    #......
g - Bolt of Magma         Conj/Fire/Erth ######....   1%          5    #......
h - Bolt of Fire          Conj/Fire      ######....   1%          6    ####...
i - Throw Icicle          Conj/Ice       ######..     1%          4    None
j - Shock                 Conj/Air       ####         1%          1    None
k - Mephitic Cloud        Conj/Pois/Air  ######..     1%          3    None


Dungeon Overview and Level Annotations

Branches:
Dungeon (1/1)

Altars:
Cheibriados
Dithmenos
Elyvilon
Fedhas
Gozag
Hepliaklqana
Kikubaaqudgha
Makhleb
Nemelex Xobeh
Okawaru
Qazlal
Ru
Sif Muna
Trog
Uskayaw
Vehumet
Wu Jian
Xom
Yredelemnul
Zin
The Shining One
Beogh
Jiyva
Lugonu

Annotations:
D exclusion: 3 doors, Rupert


Innate Abilities, Weirdness & Mutations

You have sharp toenails.
You possess an exceptional clarity of mind.
Your flesh is heat resistant. (rF+)


Message History

Rupert shouts!
You enter the shallow water.
Moving in this stuff is going to be slow.
You enter the shallow water.
Moving in this stuff is going to be slow.
Rupert roars madly and goes into a rage!
Rupert goes berserk!
There is an open door here.
You feel yourself speed up.
Rupert splashes around in the water.
You open the door.
There is an open door here.
You enter the shallow water.
Moving in this stuff is going to be slow.
Rupert hits you with a vampiric battleaxe!!
Ouch! That really hurt!
Rupert draws strength from your wounds!
You open the door.
Rupert hits you with a vampiric battleaxe!!!
Ouch! That really hurt!
You die...

#..###....#.⌠.#__#...#+##########
)..##.....#...#__#...#..≈≈≈§.#.'.
...#......#+###__#...#.#≈§≈#.#.#.
.##.#.....#.[.#__#...'.#§§§#.#.#.
.#####....#___#__+...#.#§§§#...#.
▓▓▓▓▓▓▓▓▓▓▓▓▓▓▓▓▓▓▓▓▓▓▓▓▓▓▓▓▓▓▓▓▓
≈.≈≈≈≈≈♣♣.....♣♣♣♣≈≈≈........≈≈≈.
≈≈§§.≈≈♣♣.≈≈≈≈'♣♣'♣≈≈≈≈≈≈≈≈≈≈≈≈♣♣
≈.§§§.≈≈'.....#@@♣♣♣.♣♣♣♣♣♣♣♣♣♣♣♣
§§§≈§≈≈♣♣♣♣♣♣♣#..♣♣♣♣..♣ ♣
≈≈§§≈≈≈♣ ###'♣...♣♣ #§######
♣♣♣♣.##).## ....@.... ♣...##.##.#
######### ♣♣.##.##.##+
♣..#(##...# ♣♣.##.##..#
♣♣.##.#####


You could see Rupert (berserk).

Vanquished Creatures
  Erica (D)
  A centaur warrior (D)
  Urug (D)
  An unseen horror (D)
  A lindwurm (D)
  A deep elf mage (D)
  2 spiny frogs (D)
  A rime drake (D)
  A komodo dragon (D)
  3 wandering mushrooms (D)
  2 tyrant leeches (D)
  5 blink frogs (D)
  3 redbacks (D)
  A shadow (D)
  A spatial vortex (D)
  A swamp drake (D)
  A necrophage (D)
  2 centaurs (D)
  A water elemental (D)
  23 killer bees (D)
  A jelly (D)
  A wizard (D)
  Jessica (D)
  A necromancer (D)
  3 humans (D)
  A kobold demonologist (D)
  A phantom (D)
  3 rats (D)
65 creatures vanquished.

Vanquished Creatures (collateral kills)
  7 killer bees (D)
7 creatures vanquished.

Vanquished Creatures (others)
  2 draconian scorchers (D)
  3 yaktaurs (D)
  6 hellions (D)
  A queen bee (D)
  2 killer bees (D)
14 creatures vanquished.

Grand Total: 86 creatures vanquished

Notes
Turn   | Place    | Note
-------+----------+-------------------------------------------
     0 | D        | Kidiri the Deep Elf Fire Elementalist began the quest for the Orb.
     0 | D        | Reached XP level 1. HP: 10/10 MP: 6/6
    60 | D        | Noticed Jessica
    64 | D        | Killed Jessica
    64 | D        | Reached skill level 1 in Fighting
    64 | D        | Reached skill level 1 in Armour
    64 | D        | Reached skill level 5 in Spellcasting
    64 | D        | Reached XP level 2. HP: 16/16 MP: 6/10
    68 | D        | Learned a level 2 spell: Throw Flame
    76 | D        | Killed a hellion
    76 | D        | Killed a hellion
    76 | D        | Killed a hellion
   114 | D        | Reached XP level 3. HP: 4/21 MP: 0/12
   119 | D        | Learned a level 3 spell: Conjure Flame
   123 | D        | Learned a level 3 spell: Inner Flame
   135 | D        | Killed a hellion
   184 | D        | Killed a yaktaur
   185 | D        | Killed a yaktaur
   188 | D        | Killed a white draconian scorcher
   256 | D        | Killed a hellion
   331 | D        | Killed a hellion
   356 | D        | Killed a white draconian scorcher
   399 | D        | Gained mutation: You have a pair of small antennae on your head. [potion of mutation]
   399 | D        | Gained mutation: Your flesh is heat resistant. (rF+) [potion of mutation]
   400 | D        | Lost mutation: Your flesh is heat resistant. (rF+) [potion of mutation]
   400 | D        | Lost mutation: You have a pair of small antennae on your head. [potion of mutation]
   400 | D        | Gained mutation: You have sharp toenails. [potion of mutation]
   400 | D        | Gained mutation: Your body sometimes deteriorates upon taking damage. [potion of mutation]
   400 | D        | Gained mutation: You can translocate small distances at will. [potion of mutation]
   401 | D        | Lost mutation: You can translocate small distances at will. [potion of mutation]
   401 | D        | Lost mutation: Your body sometimes deteriorates upon taking damage. [potion of mutation]
   401 | D        | Gained mutation: Your flesh is heat resistant. (rF+) [potion of mutation]
   401 | D        | Gained mutation: You possess an exceptional clarity of mind. [potion of mutation]
   410 | D        | Noticed a water elemental
   414 | D        | Killed a water elemental
   414 | D        | Reached skill level 7 in Spellcasting
   414 | D        | Reached skill level 5 in Fire Magic
   414 | D        | Reached XP level 4. HP: 27/27 MP: 8/15
   420 | D        | Learned a level 4 spell: Sticky Flame
   470 | D        | Found a radiant altar of Vehumet.
   471 | D        | Found a deep blue altar of Sif Muna.
   471 | D        | Found an ancient bone altar of Kikubaaqudgha.
   471 | D        | Noticed a wizard
   472 | D        | Killed a wizard
   472 | D        | Reached XP level 5. HP: 30/32 MP: 12/17
   476 | D        | Reached skill level 5 in Dodging
   490 | D        | Became a worshipper of Vehumet
   506 | D        | Learned a level 5 spell: Fireball
   635 | D        | Found a glowing silver altar of Zin.
   636 | D        | Found a glowing golden altar of the Shining One.
   636 | D        | Found a white marble altar of Elyvilon.
   636 | D        | Noticed a deep elf mage
   641 | D        | Noticed a redback
   641 | D        | Noticed a redback
   643 | D        | Killed a deep elf mage
   643 | D        | Reached skill level 10 in Spellcasting
   643 | D        | Reached XP level 6. HP: 24/39 MP: 12/21
   643 | D        | Reached XP level 7. HP: 27/44 MP: 13/23
   763 | D        | Found a hide-covered altar of Uskayaw.
   763 | D        | Found a roughly hewn altar of Beogh.
   763 | D        | Found an iron altar of Okawaru.
   763 | D        | Found a bloodstained altar of Trog.
   763 | D        | Found an ornate altar of the Wu Jian Council.
   763 | D        | Noticed a human
   766 | D        | Noticed a human
   771 | D        | Killed a human
   771 | D        | Reached skill level 11 in Spellcasting
   820 | D        | Killed a human
   820 | D        | Reached * piety under Vehumet
   820 | D        | Offered knowledge of Shock by Vehumet.
   820 | D        | Reached skill level 5 in Armour
   823 | D        | Learned a level 1 spell: Shock
   946 | D        | Found a basalt altar of Yredelemnul.
   946 | D        | Found a shadowy altar of Dithmenos.
   946 | D        | Found a sacrificial altar of Ru.
   956 | D        | Reached skill level 5 in Fighting
   956 | D        | Reached skill level 1 in Air Magic
  1045 | D        | Offered knowledge of Magic Dart by Vehumet.
  1045 | D        | Reached ** piety under Vehumet
  1045 | D        | Reached XP level 8. HP: 49/49 MP: 18/25
  1049 | D        | Reached skill level 5 in Short Blades
  1049 | D        | Reached skill level 12 in Spellcasting
  1102 | D        | Found a blossoming altar of Fedhas.
  1102 | D        | Found a stormy altar of Qazlal.
  1102 | D        | Found a snail-covered altar of Cheibriados.
  1102 | D        | Found a burning altar of Makhleb.
  1102 | D        | Found a shimmering altar of Xom.
  1103 | D        | Found a hazy altar of Hepliaklqana.
  1103 | D        | Found an opulent altar of Gozag.
  1103 | D        | Found a sparkling altar of Nemelex Xobeh.
  1103 | D        | Found a corrupted altar of Lugonu.
  1103 | D        | Found a viscous altar of Jiyva.
  1237 | D        | Noticed Erica
  1238 | D        | Killed a yaktaur
  1255 | D        | Killed Erica
  1255 | D        | Offered knowledge of Mephitic Cloud by Vehumet.
  1255 | D        | Reached skill level 13 in Spellcasting
  1260 | D        | Learned a level 3 spell: Mephitic Cloud
  1756 | D        | Noticed a centaur warrior
  1761 | D        | Killed a centaur warrior
  1761 | D        | Reached *** piety under Vehumet
  1761 | D        | Reached XP level 9. HP: 41/55 MP: 22/28
  1767 | D        | Offered knowledge of Throw Icicle by Vehumet.
  1773 | D        | Learned a level 4 spell: Throw Icicle
  1858 | D        | Noticed an unseen horror
  1867 | D        | Killed an unseen horror
  1867 | D        | Reached skill level 14 in Spellcasting
  1867 | D        | Reached skill level 1 in Ice Magic
  2010 | D        | Noticed a queen bee
  2013 | D        | Reached **** piety under Vehumet
  2015 | D        | Offered knowledge of Bolt of Magma by Vehumet.
  2019 | D        | Reached ***** piety under Vehumet
  2025 | D        | Killed a queen bee
  2027 | D        | Reached skill level 5 in Air Magic
  2034 | D        | Reached XP level 10. HP: 61/61 MP: 13/30
  2035 | D        | Reached ****** piety under Vehumet
  2038 | D        | Reached skill level 10 in Dodging
  2152 | D        | Learned a level 5 spell: Bolt of Magma
  2201 | D        | Offered knowledge of Bolt of Fire by Vehumet.
  2201 | D        | Reached skill level 15 in Spellcasting
  2209 | D        | Learned a level 6 spell: Bolt of Fire
  2217 | D        | Reached skill level 1 in Earth Magic
  2238 | D        | Noticed a spiny frog
  2238 | D        | Noticed a spiny frog
  2240 | D        | Killed a spiny frog
  2241 | D        | Killed a spiny frog
  2241 | D        | Reached skill level 10 in Fire Magic
  2243 | D        | Reached skill level 5 in Poison Magic
  2404 | D        | Offered knowledge of Lightning Bolt by Vehumet.
  2510 | D        | Noticed a lindwurm
  2513 | D        | Killed a lindwurm
  2594 | D        | Noticed Urug
  2614 | D        | Killed Urug
  2614 | D        | Reached skill level 16 in Spellcasting
  2614 | D        | Reached skill level 10 in Conjurations
  2614 | D        | Reached skill level 5 in Ice Magic
  2614 | D        | Reached XP level 11. HP: 42/67 MP: 10/33
  2773 | D        | Offered knowledge of Ozocubu's Refrigeration by Vehumet.
  2873 | D        | Noticed Rupert
  2892 | D        | Mangled by Rupert

Vault maps used:
D:        dungeon_sprint_mu

Skill      XL: |  1  2  3  4  5  6  7  8  9 10 11 |
---------------+----------------------------------+-----
Fighting       | 1 2 4 5 6 7 |  7.7
Armour         | 1 2 4 5 6 7 |  7.5
Dodging        | 3 4 7 9 10 11 | 11.2
Spellcasting   | 5 7 10 11 13 14 16 | 16.3
Conjurations   | 2 3 4 6 7 8 9 10 | 10.2
Fire Magic     | 4 5 7 9 10 | 10.6
Short Blades   | 3 4 6 7 8 |  8.4
Air Magic      | 1 4 5 6 |  6.6
Poison Magic   | 2 3 5 6 |  6.2
Ice Magic      | 2 5 |  5.5
Earth Magic    | 3 4 |  4.1
Stealth        | |  2.4

Action                   |  1- 3 |  4- 6 |  7- 9 | 10-12 || total
-------------------------+-------+-------+-------+-------++-------
Melee: Dagger            |       |     1 |     6 |     6 ||    13
       Kick              |       |       |     2 |     1 ||     3
 Cast: Flame Tongue      |    20 |     2 |    70 |    26 ||   118
       Conjure Flame     |     1 |       |     3 |     3 ||     7
       Sticky Flame      |       |     4 |     8 |     7 ||    19
       Inner Flame       |       |       |     2 |       ||     2
       Fireball          |       |       |     1 |     1 ||     2
       Throw Flame       |       |       |     1 |       ||     1
       Mephitic Cloud    |       |       |     7 |     4 ||    11
       Bolt of Fire      |       |       |       |    14 ||    14
       Throw Icicle      |       |       |       |     3 ||     3
  Use: Potion            |     4 |       |       |     1 ||     5
       Scroll            |     2 |       |       |       ||     2
 Stab: Sleeping          |       |     1 |       |       ||     1
       Confused          |       |       |     2 |     1 ||     3
  Eat: Chunk             |       |       |     1 |     2 ||     3
       Bread ration      |       |       |     1 |       ||     1
       Royal jelly       |       |       |       |     1 ||     1
Armor: Robe              |     1 |     1 |     1 |       ||     3
Dodge: Dodged            |     5 |     4 |    21 |    17 ||    47
